 Dungeon Crawl Stone Soup version 0.23.2-1-ga50397a (webtiles) character file.

Game seed: 8598328833496330818

13497 schauveau the Severer (level 11, -23/141 HPs)
             Began as a Minotaur Berserker on May 2, 2019.
             Was a High Priest of Trog.
             Annihilated by a phantasmal warrior (26 damage)
             ... led by a death knight
             ... on level 11 of the Dungeon.
             The game lasted 00:17:56 (10295 turns).

schauveau the Severer (Minotaur Berserker)         Turns: 10295, Time: 00:17:56

Health: -23/141    AC: 20    Str: 27    XL:     11   Next: 76%
Magic:  0/3        EV: 10    Int:  4    God:    Trog [*****.]
Gold:   628        SH:  0    Dex:  6    Spells: 10/10 levels left

rFire    . . .     SeeInvis .   P - +3 battleaxe (antimagic)
rCold    + . .     Gourm    .   (shield currently unavailable)
rNeg     . . .     Faith    .   M - +0 plate armour
rPois    +         Spirit   +   (helmet unavailable)
rElec    .         Reflect  .   e - scarf {Spirit}
rCorr    .         Harm     .   m - +2 pair of gloves
MR       .....     Rnd*Tele +   A - +2 pair of boots
Stlth    ..........             (no amulet)
HPRegen  0.33/turn              N - ring "Baujaqoz" {+Inv rPois rC+ Str-2 Dex-5}
MPRegen  0.08/turn              D - ring of teleportation

@: berserking (expiring), vulnerable, very quick
A: retaliatory headbutt, horns 3, repulsion field 1, wild magic 1
a: Berserk, Trog's Hand, Brothers in Arms, Renounce Religion, Evoke Invisibility


You were on level 11 of the Dungeon.
You worshipped Trog.
Trog was extremely pleased with you.
You were very hungry.

You visited 1 branch of the dungeon, and saw 11 of its levels.

You collected 628 gold pieces.

Inventory:

Hand Weapons
 a - a +3 broad axe of venom
 d - a +0 shortbow
 r - a +0 war axe
 s - a +4 scimitar of flaming
 t - a +2 spear of flaming
 z - a +0 hand crossbow
 C - a +2 mace of protection
 L - a +4 flail of draining
 P - a +3 antimagic battleaxe (weapon)
 S - the cursed +3 mace "Lycwots" {speed, *Rage +Rage rElec rC+, unknown}
   (You found it on level 10 of the Dungeon)

   Attacks with this weapon are significantly faster.
   It protects you from cold.
   It insulates you from electricity.
   It lets you go berserk.
   It may make you go berserk in combat.
   It has a curse placed upon it.
Missiles
 g - 221 arrows
 l - 7 curare-tipped needles
 E - 8 tomahawks (quivered)
 F - 3 throwing nets
 O - 36 bolts
 U - 4 exploding tomahawks
Armour
 e - a scarf of spirit shield (worn)
 m - a +2 pair of gloves (worn)
 A - a +2 pair of boots (worn)
 M - a +0 plate armour (worn)
Jewellery
 f - an uncursed ring of protection from cold
 o - an uncursed ring of protection from cold
 v - an uncursed ring of protection from magic
 y - an uncursed ring of magical power
 D - a ring of teleportation (right hand)
 N - the ring "Baujaqoz" (left hand) {+Inv rPois rC+ Str-2 Dex-5}
   (You found it on level 7 of the Dungeon)

   [ring of dexterity]

   It affects your strength (-2).
   It affects your dexterity (-5).
   It protects you from cold.
   It protects you from poison.
   It lets you turn invisible.
 T - an uncursed ring of see invisible
Wands
 b - a wand of scattershot (8)
 j - a wand of clouds (6)
 G - a wand of acid (5)
Scrolls
 h - 6 scrolls of teleportation
 p - 3 scrolls of enchant armour
 q - 2 scrolls of blinking
 w - a scroll of enchant weapon
 B - 2 scrolls of fog
 I - a scroll of magic mapping
 J - 2 scrolls of fear
 R - 2 scrolls of identify
Potions
 i - 3 potions of brilliance
 k - 2 potions of ambrosia
 n - 2 potions of resistance
 u - a potion of agility
 x - a potion of berserk rage
 H - 2 potions of lignification
 K - 3 potions of curing
Comestibles
 c - 23 rations


   Skills:
 - Level 7.8 Fighting
 * Level 19.0 Axes
 - Level 7.3 Armour
 - Level 2.1 Dodging


You had 10 spell levels left.
You didn't know any spells.
Your spell library was empty.

Dungeon Overview and Level Annotations

Branches:
Dungeon (11/15)            Temple (0/1) D:6             Orc (0/2) D:9
   Lair: D:8-11

Altars:
Dithmenos
Gozag
Kikubaaqudgha
Qazlal
Ru
Sif Muna
Wu Jian
Xom
Yredelemnul
Zin
The Shining One

Annotations:
D:10 2 runed translucent doors


Innate Abilities, Weirdness & Mutations

You reflexively headbutt those who attack you in melee.
You have a pair of large horns on your head.
You are surrounded by a mild repulsion field. (EV +2)
Your spells are a little harder to cast, but a little more powerful.


Message History

Your headbutt misses the phantasmal warrior.
The phantasmal warrior is heavily damaged.
You hit the freezing wraith. You hit the phantasmal warrior.
The phantasmal warrior's magic leaks into the air.
Your headbutt misses the phantasmal warrior.
The phantasmal warrior is heavily damaged.
You closely miss the freezing wraith. The phantasmal warrior hits you.
* * * LOW HITPOINT WARNING * * *
Your magical defenses are stripped away!
The freezing wraith hits you but does no damage.
The freezing wraith hits you.
* * * LOW HITPOINT WARNING * * *
You barely miss the phantasmal warrior. You headbutt the phantasmal warrior.
The phantasmal warrior is severely damaged.
You closely miss the freezing wraith. You barely miss the phantasmal warrior.
You headbutt the phantasmal warrior!
The phantasmal warrior is almost destroyed.
You hit the freezing wraith. The phantasmal warrior hits you!!
You die...

.####.# ...#.#
# #...##.#
#...'.ยง# #(..#
#...# #...#
#W### #@# #W#
##### #.# #...#
#.#
####...######.#
#.............#
#.##...########
#.##...#
#.######


You could see a phantasmal warrior and a freezing wraith.

Vanquished Creatures
  A fire dragon (D:10)
  2 death knights
  A centaur warrior (D:10)
  A tengu warrior (D:10)
  Sonja (D:10)
  An unseen horror (shapeshifter) (D:10)
  A gargoyle (D:10)
  2 efreet (D:10)
  A komodo dragon (D:10)
  A troll (D:10)
  5 hippogriffs
  6 yaks (D:9)
  A shadow (D:10)
  A wyvern (D:10)
  A vampire mosquito (D:10)
  Menkaure (D:5)
  Edmund (D:5)
  4 ice beasts
  4 orc warriors
  A black bear (D:7)
  2 phantoms
  A necrophage (D:9)
  3 ogres
  3 centaurs
  A crocodile (D:10)
  3 big kobolds
  7 bullfrogs
  A wyvern zombie (D:8)
  4 scorpions
  9 killer bees (D:8)
  9 wights
  A howler monkey (D:8)
  5 crimson imps
  2 centaur zombies
  3 bullfrog zombies
  A quasit (D:7)
  6 hounds
  4 orc priests
  4 jellies
  4 bullfrog skeletons
  8 orc wizards
  2 centaur skeletons
  4 iguanas
  7 worker ants
  A hound skeleton (D:4)
  12 gnolls
  9 adders
  A shadow imp (D:11)
  7 oozes
  2 adder skeletons
  2 worms
  5 dart slugs
  9 leopard geckos
  34 orcs
  4 ball pythons
  13 bats
  6 giant cockroaches
  3 goblins
  6 hobgoblins
  2 jackals (D:2)
  7 quokkas
  12 frilled lizards
  20 kobolds
  A leopard gecko skeleton (D:4)
  A quokka zombie (D:5)
  8 rats
296 creatures vanquished.

Vanquished Creatures (others)
  A sky beast (D:9)
  A gnoll (D:5)
2 creatures vanquished.

Grand Total: 298 creatures vanquished

Notes
Turn   | Place    | Note
-------+----------+-------------------------------------------
     0 | D:1      | schauveau the Minotaur Berserker began the quest for the
                  | Orb.
     0 | D:1      | Reached XP level 1. HP: 19/19 MP: 0/0
   137 | D:1      | Reached skill level 4 in Axes
   137 | D:1      | Reached XP level 2. HP: 25/27 MP: 1/1
   471 | D:1      | Reached XP level 3. HP: 29/33 MP: 2/2
   959 | D:2      | Reached ** piety under Trog
  1078 | D:2      | Reached XP level 4. HP: 28/40 MP: 3/3
  1113 | D:2      | Reached skill level 5 in Axes
  1137 | D:2      | Reached XP level 5. HP: 28/47 MP: 2/4
  1177 | D:2      | Reached skill level 5 in Fighting
  1177 | D:2      | Reached skill level 6 in Axes
  1698 | D:3      | Reached XP level 6. HP: 53/56 MP: 5/5
  1952 | D:3      | Reached *** piety under Trog
  1979 | D:3      | You fall through a shaft for 3 floors!
  2024 | D:6      | Reached skill level 7 in Axes
  2081 | D:5      | Entered Level 5 of the Dungeon
  2217 | D:2      | Reached XP level 7. HP: 51/62 MP: 3/6
  2282 | D:3      | Reached skill level 5 in Armour
  3250 | D:4      | Gained mutation: You have a pair of large horns on your
                  | head. [potion of mutation]
  3250 | D:4      | Gained mutation: Your spells are a little harder to cast,
                  | but a little more powerful. [potion of mutation]
  3250 | D:4      | Gained mutation: You are surrounded by a mild repulsion
                  | field. (EV +2) [potion of mutation]
  3300 | D:4      | Reached skill level 8 in Axes
  3395 | D:4      | Found a shadowy altar of Dithmenos.
  3763 | D:4      | Reached **** piety under Trog
  3874 | D:5      | Reached XP level 8. HP: 69/71 MP: 7/7
  3931 | D:5      | Noticed Menkaure
  3944 | D:5      | Killed Menkaure
  3944 | D:5      | Reached skill level 9 in Axes
  4137 | D:5      | Found an opulent altar of Gozag.
  4140 | D:5      | Found a glowing golden altar of the Shining One.
  4143 | D:5      | Found an ornate altar of the Wu Jian Council.
  4210 | D:5      | Noticed Edmund
  4221 | D:5      | Killed Edmund
  4245 | D:5      | Reached skill level 10 in Axes
  4535 | D:6      | Found a staircase to the Ecumenical Temple.
  4600 | D:6      | Found a shimmering altar of Xom.
  5618 | D:7      | Reached XP level 9. HP: 78/81 MP: 8/8
  5620 | D:7      | Got a bound lapis lazuli ring
  5631 | D:7      | Identified the cursed ring "Baujaqoz" {+Inv rPois rC+ Str-2
                  | Dex-5} (You found it on level 7 of the Dungeon)
  5662 | D:7      | Reached skill level 11 in Axes
  5694 | D:7      | Found a basalt altar of Yredelemnul.
  5695 | D:7      | Found a sacrificial altar of Ru.
  5700 | D:7      | Found an ancient bone altar of Kikubaaqudgha.
  5702 | D:7      | Found a deep blue altar of Sif Muna.
  5702 | D:7      | Found a glowing silver altar of Zin.
  5703 | D:7      | Found a stormy altar of Qazlal.
  6119 | D:7      | Reached skill level 12 in Axes
  6228 | D:8      | Reached ***** piety under Trog
  6228 | D:8      | Reached skill level 13 in Axes
  6368 | D:8      | Received a gift from Trog
  6668 | D:9      | Identified the +7 rapier of Mana {protect, rPois rF- Dex+2}
  6773 | D:9      | Reached skill level 14 in Axes
  6773 | D:9      | Reached XP level 10. HP: 78/88 MP: 7/9
  6945 | D:9      | Reached skill level 15 in Axes
  7086 | D:9      | Found a staircase to the Orcish Mines.
  7199 | D:9      | Received a gift from Trog
  7558 | D:10     | Entered Level 10 of the Dungeon
  7760 | D:10     | Noticed Sonja
  7801 | D:10     | Killed Sonja
  7801 | D:10     | Reached skill level 16 in Axes
  8113 | D:10     | Found a runed translucent door.
  8116 | D:10     | Noticed a centaur warrior
  8117 | D:10     | Found a runed translucent door.
  8117 | D:10     | Found a runed translucent door.
  8207 | D:10     | Noticed a gargoyle
  8210 | D:10     | Killed a gargoyle
  8227 | D:10     | Got a warped mace
  8389 | D:10     | Reached XP level 11. HP: 41/94 MP: 1/10
  8412 | D:10     | Noticed a fire dragon
  8414 | D:10     | Noticed a tengu warrior
  8448 | D:10     | Killed a tengu warrior
  8448 | D:10     | Reached skill level 17 in Axes
  8796 | D:10     | Killed a fire dragon
  9250 | D:10     | Noticed a death knight
  9265 | D:10     | Killed a death knight
  9268 | D:10     | Killed an unseen horror
  9268 | D:10     | Reached skill level 18 in Axes
  9801 | D:10     | Killed a centaur warrior
 10275 | D:11     | Noticed a death knight
 10275 | D:11     | Noticed a phantasmal warrior
 10291 | D:11     | Killed a death knight
 10291 | D:11     | Reached skill level 19 in Axes
 10291 | D:11     | HP: 7/141 [phantasmal warrior[a death knight] (21)]
 10293 | D:11     | HP: 3/141 [freezing wraith[a death knight] (4)]
 10295 | D:11     | Annihilated by a phantasmal warrior

Skill      XL: |  1  2  3  4  5  6  7  8  9 10 11 |
---------------+----------------------------------+-----
Axes           | 4 5 6 7 8 10 14 16 19 | 19.0
Fighting       | 4 5 6 7 |  7.8
Armour         | 3 4 5 7 |  7.3
Dodging        | |  2.1

Action                   |  1- 3 |  4- 6 |  7- 9 | 10-12 || total
-------------------------+-------+-------+-------+-------++-------
Melee: Hand axe          |    72 |   115 |   196 |       ||   383
       Headbutt          |    11 |    30 |    61 |    40 ||   142
       Broad axe         |       |       |   132 |    57 ||   189
       Battleaxe         |       |       |       |   253 ||   253
Invok: Berserk           |       |     1 |       |     5 ||     6
Evoke: Wand              |       |       |       |     2 ||     2
  Use: Scroll            |       |       |    19 |     6 ||    25
       Potion            |       |       |     1 |     5 ||     6
  Eat: Chunk             |       |     5 |    11 |     8 ||    24
       Ration            |       |       |     1 |     2 ||     3
Armor: Leather armour    |    18 |       |       |       ||    18
       Animal skin       |     1 |       |       |       ||     1
       Ring mail         |     5 |    10 |       |       ||    15
       Chain mail        |       |    30 |    86 |       ||   116
       Plate armour      |       |       |   152 |   207 ||   359
Dodge: Dodged            |    57 |    78 |   170 |   116 ||   421
